 Dungeon Crawl Stone Soup version 0.28-a0-1396-gdcb3f3653b (webtiles) character file.

Game seed: 13126623609571995337

14338 Deminshera the Covert (level 12, -16/67 HPs)
             Began as a Vine Stalker Brigand on Jan 5, 2022.
             Was a Follower of Uskayaw.
             Demolished by a reaper (41 damage)
             ... in an ice cave.
             The game lasted 00:12:56 (9832 turns).

Deminshera the Covert (Vine Stalker Brigand)        Turns: 9832, Time: 00:12:57

Health: -16/67     AC:  6    Str: 14    XL:     12   Next: 15%
Magic:  0/20       EV: 16    Int: 11    God:    Uskayaw [*.....]
Gold:   580        SH:  0    Dex: 21    Spells: 11/11 levels left

rFire   + + .      SeeInvis .   B - +11 dagger of Slimy Fortitude {vorpal, rElec}
rCold   + + .      Faith    +   (no shield)
rNeg    + . .      Spirit   +   x - +1 leather armour of the Other Side {Rampage rC+ rN+}
rPois   +          Reflect  .   s - +0 hat
rElec   +          Harm     .   c - +0 cloak
rCorr   +          Rampage  +   H - +0 pair of gloves
Will    +....                   (no boots)
Stlth   +++++.....              F - amulet of faith
HPRegen 1.01/turn               r - +4 ring of evasion
MPRegen 0.17/turn               f - ring of protection from fire

@: resistant
A: fangs 3, regeneration 1, magic shield, antimagic bite, no potion heal 2
a: Renounce Religion, Stomp


You were in an ice cave.
You worshipped Uskayaw.
Uskayaw was aware of your devotion.
You visited 1 branch of the dungeon, and saw 11 of its levels.
You also visited: Ice Cave.

You collected 580 gold pieces.

Inventory:

Hand Weapons
 a - a +3 dagger of protection
 z - a +0 rapier
 B - the +11 dagger of Slimy Fortitude (weapon) {vorpal, rElec}
   (You found it on level 5 of the Dungeon)

   It inflicts extra damage upon your enemies.
   rElec:     It insulates you from electricity.
Missiles
 d - 49 poisoned darts (quivered)
 e - 5 curare-tipped darts
 g - a throwing net
Armour
 c - a +0 cloak (worn)
 h - a +3 ring mail
 s - a +0 hat (worn)
 x - the +1 leather armour of the Other Side (worn) {Rampage rC+ rN+}
   (You found it on level 10 of the Dungeon)

   rC:        It protects you from cold.
   rN:        It protects you from negative energy.
   Rampage:   It bestows one free step when moving towards enemies.
 C - a +0 troll leather armour
 E - a +1 leather armour of fire resistance
 H - a +0 pair of gloves (worn)
Jewellery
 f - a ring of protection from fire (right hand)
 r - a +4 ring of evasion (left hand)
 v - a +6 ring of strength
 w - an amulet of the acrobat
 F - an amulet of faith (around neck)
Wands
 b - a wand of acid (10)
 l - a wand of mindburst (6)
 u - a wand of charming (2)
 D - a wand of polymorph (4)
Scrolls
 i - 3 scrolls of enchant armour
 y - 5 scrolls of fog
 G - a scroll of fear
Potions
 j - 2 potions of degeneration {unknown}
 k - 2 potions of haste
 m - a potion of mutation {unknown}
 n - 2 potions of brilliance
 o - 2 potions of flight {unknown}
 p - a potion of lignification {unknown}
 q - a potion of heal wounds {unknown}
 t - 7 potions of curing
 A - a potion of resistance


   Skills:
 - Level 10.0 Fighting
 - Level 10.0 Short Blades
 - Level 2.0 Throwing
 - Level 2.0 Armour
 - Level 2.0 Dodging
 - Level 10.0 Stealth
 + Level 9.8 Invocations


You had 11 spell levels left.
You didn't know any spells.
Your spell library contained the following spells:

 Spells                   Type           Power      Damage    Failure   Level
 Beastly Appendage        Tmut           0%         N/A       41%         1
 Magic Dart               Conj           0%         1d3       41%         1
 Sandblast                Erth           0%         2d4       41%         1
 Shock                    Conj/Air       0%         1d3       41%         1
 Corpse Rot               Necr/Air       0%         N/A       54%         2
 Ensorcelled Hibernation  Hex/Ice        0%         N/A       54%         2
 Passwall                 Tmut/Erth      0%         N/A       54%         2
 Poisonous Vapours        Pois/Air       0%         N/A       54%         2
 Searing Ray              Conj           0%         2d4       54%         2
 Wereblood                Tmut           0%         N/A       54%         2
 Ignite Poison            Fire/Tmut/Pois 0%         N/A       78%         3
 Mephitic Cloud           Conj/Pois/Air  0%         N/A       78%         3
 Spider Form              Tmut/Pois      0%         N/A       78%         3
 Stone Arrow              Conj/Erth      0%         3d7       78%         3
 Swiftness                Air            0%         N/A       78%         3
 Airstrike                Air            0%         N/A       99%         4
 Fulminant Prism          Conj/Hex       0%         3d6       99%         4
 Freezing Cloud           Conj/Ice/Air   0%         6-21      100%        5


Dungeon Overview and Level Annotations

Branches:
Dungeon (11/15)            Temple (0/1) D:6            Lair (0/6) D:10
  IceCv (1/1)
    Orc: D:9-12

Altars:
Ashenzari
Elyvilon
Gozag
Kikubaaqudgha
Makhleb
Ru
Uskayaw
Xom
Zin

Shops:
D:1 *   D:3 *   D:4 *   D:6 (


Innate Abilities, Weirdness & Mutations

You have razor-sharp teeth.
Your natural rate of healing is unusually fast.
When hurt, damage is shared between your health and your magic reserves.
Your bite disrupts and absorbs the magic of your enemies.
Potions cannot restore your health.


Message History

The ice devil hits you! The ice devil freezes you! You resist.
You can now pass through a line of other dancers.
You puncture the ice devil! Your bite misses the ice devil.
The ice devil is severely wounded.
You hit the ice devil.
You bite the ice devil, but do no damage.
The ice devil is almost dead.
The ice devil hits you. The ice devil freezes you. You resist.
You hit the ice devil.
The ice devil is almost dead.
Uskayaw will force your foes to helplessly watch your dance.
Uskayaw prepares the audience for your solo!
The helpless ice devil fails to defend itself.
You spit the ice devil like a pig!!!!
You kill the ice devil!
You start resting.
HP restored.
You start resting.
Magic restored.
It was a potion of resistance.
You feel protected.
The reaper hits you with a +2 scythe of freezing!!
The reaper freezes you.
You hit the reaper. Your bite misses the reaper.
The reaper is lightly wounded.
You closely miss the reaper.
The reaper is lightly wounded.
You hit the reaper but do no damage.
The reaper is lightly wounded.
You hit the reaper but do no damage. You bite the reaper, but do no damage.
The reaper is lightly wounded.
The reaper hits you with a +2 scythe of freezing!!
The reaper freezes you.
You completely miss the reaper.
The reaper is lightly wounded.
You hit the reaper but do no damage. You bite the reaper, but do no damage.
The reaper is lightly wounded.
The reaper hits you with a +2 scythe of freezing!!!
Ouch! That really hurt!
You die...

##.###...# #........#
#..####..###.......###
##..#..##..#.....#.#..#
#..##..)##......##.#☼§##
##..#....##....###..#°☼≈#
#..##....###...#...§§§§○##
#..#....## #...#...§§☼§§○#
#..##.#.##
#...#2..####5.#.
#...###..#
#...@.≈.....2...
##..##...#
#..#..........#. #.......#
##.##..#.#.≈#.#.#
##...#..# #..#.##.#..### #
##..#..# #....#..# ..#
####..## ##..##... 5##
##..# #.. ... # #...## ##.
Z...# ##...# #.


You could see a reaper.

Vanquished Creatures
  Erolcha (D:9)
  2 two-headed ogres
  Nergalle (D:10)
  Maurice (D:8)
  2 ice statues (IceCv)
  A komodo dragon (D:11)
  An entropy weaver simulacrum (IceCv)
  7 ice devils (IceCv)
  A freezing wraith (IceCv)
  3 meliai (D:11)
  Grinder (D:5)
  3 trolls
  A hornet (D:8)
  A shadow (D:11)
  A dire elephant simulacrum (IceCv)
  2 vampires
  6 yaks (D:7)
  A wraith (D:10)
  A wyvern (D:8)
  Eustachio (D:5)
  An acid dragon (D:10)
  2 water moccasins
  3 orc warriors
  3 sky beasts
  3 ice beasts
  4 black bears
  A necrophage (D:6)
  2 centaurs (D:9)
  An ogre (D:6)
  4 kobold brigands (D:8)
  A gnoll sergeant (D:9)
  4 scorpions
  2 bullfrogs
  A two-headed ogre simulacrum (D:11)
  A water moccasin zombie (D:6)
  A wyvern zombie (D:7)
  2 cane toad simulacra (IceCv)
  2 water moccasin skeletons
  11 killer bees
  An elephant simulacrum (IceCv)
  10 wights
  3 electric eels (D:9)
  2 howler monkeys
  2 centaur zombies
  3 hounds
  A bullfrog zombie (D:6)
  A jelly (D:8)
  A bullfrog skeleton (D:5)
  4 orc priests
  3 orc wizards
  3 iguanas
  A polar bear simulacrum (IceCv)
  A troll simulacrum (D:11)
  6 spriggan simulacra
  A killer bee zombie (D:7)
  A howler monkey zombie (D:7)
  5 gnolls (D:9)
  5 naga simulacra
  8 adders
  7 white imps
  An ufetubus (IceCv)
  An adder skeleton (D:4)
  A worm (D:2)
  A dart slug (D:2)
  32 orcs
  A bat (D:2)
  4 endoplasms
  6 goblins
  3 hobgoblins
  3 jackals (D:2)
  16 kobolds
  4 quokkas
  2 ball pythons
  5 frilled lizards
236 creatures vanquished.

Notes
Turn   | Place    | Note
-------+----------+-------------------------------------------
     0 | D:1      | Deminshera the Vine Stalker Brigand began the quest for the
                  | Orb.
     0 | D:1      | Reached XP level 1. HP: 11/11 MP: 2/2
    77 | D:1      | Found Puen's Assorted Antiques.
   404 | D:2      | Reached skill level 1 in Dodging
   404 | D:2      | Reached XP level 2. HP: 15/15 MP: 3/3
   465 | D:2      | Reached skill level 5 in Stealth
   800 | D:2      | Reached XP level 3. HP: 18/18 MP: 4/4
   951 | D:2      | Identified the +6 battleaxe "Hioj" {speed, rF+ Stlth+}
  1103 | D:3      | Found an opulent altar of Gozag.
  1103 | D:3      | Found a white marble altar of Elyvilon.
  1112 | D:3      | Found a shimmering altar of Xom.
  1114 | D:3      | Found a sacrificial altar of Ru.
  1116 | D:3      | Found a hide-covered altar of Uskayaw.
  1119 | D:3      | Became a worshipper of Uskayaw the Reveller
  1184 | D:3      | Found Hualurph's Assorted Antiques.
  1222 | D:3      | Found a burning altar of Makhleb.
  1252 | D:3      | Reached * piety under Uskayaw
  1290 | D:2      | Gained mutation: Your natural rate of healing is unusually
                  | fast. [Vine Stalker growth]
  1290 | D:2      | Reached XP level 4. HP: 6/23 MP: 2/5
  1357 | D:2      | Reached ** piety under Uskayaw
  1366 | D:2      | Reached *** piety under Uskayaw
  1391 | D:3      | Reached **** piety under Uskayaw
  1532 | D:3      | Reached XP level 5. HP: 28/28 MP: 6/6
  2038 | D:4      | Reached XP level 6. HP: 33/33 MP: 4/7
  2211 | D:4      | Found Zin's Purification Station.
  2214 | D:4      | Found a glowing silver altar of Zin.
  2429 | D:5      | Entered Level 5 of the Dungeon
  2429 | D:5      | Noticed a black bear
  2441 | D:5      | Killed a black bear
  2498 | D:5      | Noticed Eustachio
  2518 | D:5      | Killed Eustachio
  2519 | D:5      | Reached skill level 5 in Short Blades
  2519 | D:5      | Reached XP level 7. HP: 5/38 MP: 0/8
  3121 | D:5      | Reached skill level 5 in Fighting
  3605 | D:5      | Gained mutation: You have razor-sharp teeth. [Vine Stalker
                  | growth]
  3605 | D:5      | Reached XP level 8. HP: 44/44 MP: 9/9
  3614 | D:5      | Noticed Grinder
  3628 | D:5      | Paralysed by Grinder for 2 turns
  3634 | D:5      | Killed Grinder
  4154 | D:6      | Reached XP level 9. HP: 8/48 MP: 6/10
  4265 | D:6      | Found Zedid's Antique Weapon Shoppe.
  4278 | D:6      | Found a staircase to the Ecumenical Temple.
  4377 | D:6      | Found an ancient bone altar of Kikubaaqudgha.
  4817 | D:5      | Identified the +11 dagger of Slimy Fortitude {vorpal,
                  | rElec}
  5202 | D:7      | Found a broken altar of Ashenzari.
  5487 | D:7      | Reached skill level 1 in Invocations
  5495 | D:7      | Reached ***** piety under Uskayaw
  5501 | D:7      | Reached XP level 10. HP: 40/53 MP: 13/13
  5503 | D:7      | Reached ****** piety under Uskayaw
  5506 | D:7      | Reached skill level 10 in Stealth
  5727 | D:8      | Noticed Maurice
  5769 | D:8      | Killed Maurice
  5920 | D:8      | Reached skill level 5 in Invocations
  6026 | D:8      | HP: 2/53 [killer bee (5)]
  6254 | D:8      | Found a flagged portal.
  6566 | D:9      | Identified the +5 hand axe "Ekkateit" {distort, rPois rF-
                  | Int+5}
  6619 | D:9      | Reached skill level 10 in Short Blades
  7035 | D:9      | Noticed Erolcha
  7046 | D:9      | Killed Erolcha
  7166 | D:9      | Reached XP level 11. HP: 40/56 MP: 11/18
  7355 | D:9      | Reached skill level 1 in Armour
  7361 | D:9      | Noticed a two-headed ogre
  7368 | D:9      | Killed a two-headed ogre
  7851 | D:10     | Entered Level 10 of the Dungeon
  7979 | D:10     | Identified the +1 leather armour of the Other Side {Rampage
                  | rC+ rN+}
  8234 | D:10     | Noticed a two-headed ogre
  8246 | D:10     | Killed a two-headed ogre
  8349 | D:10     | Found a staircase to the Lair.
  8429 | D:10     | Noticed Nergalle
  8436 | D:10     | Killed Nergalle
  9063 | D:11     | Found a frozen archway.
  9081 | IceCv    | Entered an ice cave
  9160 | IceCv    | Reached skill level 10 in Fighting
  9367 | IceCv    | Noticed a reaper
  9398 | IceCv    | Reached XP level 12. HP: 23/67 MP: 5/19
  9832 | IceCv    | Demolished by a reaper

Illustrated notes

Levels and vault maps discovered:
D:1:      ebering_hopf_link, layout_rooms, serial_shops,
          nicolae_shop_hallway_plus
D:2:      layout_loops_cross, guppyfry_early_lair_pool
D:3:      layout_loops_ring, chequers_temple_overflow_minitemple,
          mainiacjoe_overflow_brackets, serial_shops,
          nicolae_shop_overgrown_old_shop, st_stairs_3, grunt_ministairs_1
D:4:      layout_cave_pools, zin_purify
D:5:      layout_basic, kennysheep_generic_room_8, uniq_eustachio, uniq_grinder
D:6:      layout_loops_ring, lemuel_doored_altar, minmay_temple_entry_trees,
          serial_shops, kennysheep_little_box
D:7:      layout_basic, cheibrodos_ashenzari_chains, st_stairs_7,
          chequers_garden, nrook_pool_corridor, kennysheep_generic_room_5
D:8:      minmay_general_purpose_star, layout_rooms, enter_bailey_5,
          uniq_maurice
D:9:      layout_basic, uniq_erolcha
D:10:     layout_grid_maze, lair_entry_dummy, uniq_nergalle
D:11:     layout_basic, orc_0_dummy, portal_ice_cave_entry_ice_simulacra,
          serial_shops, shop, minivault_26
IceCv:    ice_cave_small_demon

Skill      XL: |  1  2  3  4  5  6  7  8  9 10 11 12 |
---------------+-------------------------------------+-----
Dodging        | 1 2 |  2.0
Stealth        | 5 8 9 10 | 10.0
Fighting       | 2 3 4 6 10 | 10.0
Short Blades   | 2 3 5 7 9 10 | 10.0
Throwing       | 2 |  2.0
Invocations    | 3 8 9 |  9.8
Armour         | 2 |  2.0

Action                   |  1- 3 |  4- 6 |  7- 9 | 10-12 || total
-------------------------+-------+-------+-------+-------++-------
Melee: Dagger            |    55 |   145 |    55 |   347 ||   602
       Bite              |    12 |    49 |    84 |   124 ||   269
       Rapier            |       |       |   163 |       ||   163
Invok: Stomp             |       |       |       |     2 ||     2
Evoke: Wand              |       |       |       |     3 ||     3
  Use: Scroll            |       |       |       |    18 ||    18
       Potion            |       |       |       |     2 ||     2
 Stab: Sleeping          |     8 |     1 |    13 |    15 ||    37
       Paralysed         |       |     5 |     7 |    32 ||    44
       Distracted        |       |     1 |       |     2 ||     3
Armor: Ring mail         |    21 |    49 |    37 |       ||   107
       Robe              |     1 |       |       |       ||     1
       Leather armour    |       |       |     7 |    33 ||    40
Dodge: Dodged            |    33 |    74 |    86 |   145 ||   338

Table legend: (Time is in decaauts)
 A = Elapsed time spent in this place.
 B = Non-inter-level travel time spent in this place.
 C = Inter-level travel time spent in this place.
 D = Time resting spent in this place.
 E = Time spent auto-exploring this place.
 F = Levels seen in this place.
 G = Mean time per level.
                   A        B        C        D        E       F      G
               +--------+--------+--------+--------+--------+-----+--------+
         Total |   9606 |   9098 |    508 |   1547 |   5806 |  12 |  800.5 |
       Dungeon |   8917 |   8409 |    508 |   1210 |   5682 |  11 |  810.6 |
      Ice Cave |    689 |    689 |      0 |    337 |    124 |   1 |  689.0 |
               +--------+--------+--------+--------+--------+-----+--------+

Top non-repeatable levels by time:
     D:5: 1537 daAuts
     D:9: 1262 daAuts
    D:10: 920 daAuts
     D:6: 856 daAuts
     D:7: 856 daAuts
     D:8: 798 daAuts
     D:2: 733 daAuts
     D:3: 727 daAuts
   IceCv: 689 daAuts
     D:4: 575 daAuts
     D:1: 374 daAuts
    D:11: 276 daAuts
